 Dungeon Crawl Stone Soup version 0.29-a0-892-g2c4c91d9db (webtiles) character file.

Game seed: 9705859691331059397

32 veljko94 the Conjurer (level 2, -3/20 HPs)
             Began as a Demigod Conjurer on July 23, 2022.
             Succumbed to Sigmund's poison
             ... on level 2 of the Dungeon.
             The game lasted 00:08:49 (1350 turns).

veljko94 the Conjurer (Demigod Conjurer)            Turns: 1350, Time: 00:08:50

Health: -3/20      AC:  2    Str:  8    XL:     2   Next: 96%
Magic:  6/7        EV: 12    Int: 26    God:
Gold:   32         SH:  0    Dex: 12    Spells: 2/5 levels left

rFire   . . .      SeeInvis .   f - +0 falchion
rCold   . . .      Faith    .   (no shield)
rNeg    . . .      Spirit   .   a - +0 robe
rPois   .          Reflect  .   (no helmet)
rElec   .          Harm     .   (no cloak)
rCorr   .          Rampage  .   (no gloves)
Will    .....                   (no boots)
Stlth   +.........              (no amulet)
HPRegen 0.06/turn               i - +6 ring of intelligence
MPRegen 0.10/turn               (no ring)

@: confused, lethally poisoned (-3 -> -21)
A: high MP 1, forlorn, divine attributes
a: no special abilities


You were on level 2 of the Dungeon.
You visited 1 branch of the dungeon, and saw 2 of its levels.

You collected 32 gold pieces.

Inventory:

Hand Weapons
 f - a +0 falchion (weapon)
Armour
 a - a +0 robe (worn)
Jewellery
 i - a +6 ring of intelligence (left hand)
Scrolls
 e - 2 scrolls of fear
Potions
 b - a potion of magic
 c - a potion of cancellation
 d - 2 potions of curing {unknown}
 h - a potion of attraction {unknown}


   Skills:
 + Level 2.2 Dodging
 + Level 2.2 Stealth
 + Level 2.1 Spellcasting
 + Level 3.8 Conjurations


You had 2 spell levels left.
You knew the following spells:

 Your Spells              Type           Power      Damage    Failure   Level
a - Magic Dart            Conj           88%        1d7       2%          1
b - Searing Ray           Conj           44%        2d6       3%          2

Your spell library contained the following spells:

 Spells                   Type           Power      Damage    Failure   Level
 Dazzling Flash           Conj/Hex       24%        N/A       14%         3
 Summon Guardian Golem    Hex/Summ       2%         N/A       30%         3
 Fulminant Prism          Conj/Hex       6%         3d7       43%         4
 Iskenderun's Mystic Bla  Conj/Tloc      12%        2d5       43%         4
 Orb of Destruction       Conj           11%        9d6       100%        7
 Spellforged Servitor     Conj/Summ      6%         N/A       100%        7


Dungeon Overview and Level Annotations

Branches:
Dungeon (2/15)

Annotations:
D:2 Sigmund


Innate Abilities, Weirdness & Mutations

You have an increased reservoir of magic. (+10% MP)
You shall have no god before yourself.
Your divine heritage dramatically boosts your attributes as you level up.


Message History

You kill the ball python!
HP restored.
A bat comes into view.
The helpless bat fails to defend itself.
You slash the bat!
You kill the bat!
You see here a bat corpse.
Sorry, you're not good enough to have a special ability.
Memorise Searing Ray, consuming 2 spell levels and leaving 2?
Okay, then.
Memorise Searing Ray, consuming 2 spell levels and leaving 2?
Okay, then.
Memorise Searing Ray, consuming 2 spell levels and leaving 2?
You start memorising the spell.
You continue memorising. x2
You finish memorising.
Spell assigned to 'b'.
Okay, then.
Sorry, you're not good enough to have a special ability.
As you open the door, it creaks loudly!
There is an open door here.
Found a robe.
Sigmund the Dreaded comes into view.
He is wielding a +1 scythe of venom.
Sigmund shouts!
Casting: Magic Dart (safe; 2% risk of failure)
Confirm with . or Enter, or press ? or * to list all spells.
Aiming: Magic Dart (safe; 2% risk of failure)
Press: ? - help, Shift-Dir - straight line, f - Sigmund
Aim: Sigmund, wielding a +1 scythe of venom and wearing a +0 robe (100% to hit)
The magic dart hits Sigmund.
Sigmund is lightly wounded.
Sigmund points at you and mumbles some strange words.
You are confused.
You're too confused to cast spells.
Sigmund hits you from afar with a +1 scythe of venom!
Ouch! That really hurt!
You're too confused to cast spells.
You're too confused to cast spells.
Sigmund hits you with a +1 scythe of venom.
* * * LOW HITPOINT WARNING * * *
You are lethally poisoned!
You die...

## # #.......#.# #. ..
#####.#P# #.#####.
...#.#.# ...#.. #.#.#.# #
#.#.# .#.#b # ##.#.@.####
####.######
###[........###.#........
........@................
###......##.###.#...###..
##...#.##.# #.#..## #.#
##.......# #.....# #.#
##.###### ###.#.# #.# #.
#.#.# #.# #. ##### #.# #.
..#


You could see Sigmund.

Vanquished Creatures
  A worm (D:2)
  3 ball pythons (D:2)
  2 endoplasms
  2 giant cockroaches (D:1)
  2 goblins (D:1)
  A hobgoblin (D:1)
  6 jackals
  2 kobolds
  A quokka (D:1)
  2 bats
  4 rats
26 creatures vanquished.

Notes
Turn   | Place    | Note
-------+----------+-------------------------------------------
     0 | D:1      | veljko94 the Demigod Conjurer began the quest for the Orb.
     0 | D:1      | Reached XP level 1. HP: 14/14 MP: 5/5
   504 | D:1      | Reached XP level 2. HP: 20/20 MP: 4/7
  1305 | D:2      | Learned a level 2 spell: Searing Ray
  1345 | D:2      | Noticed Sigmund
  1349 | D:2      | HP: 1/20 [Sigmund/+1 scythe of venom (6)]
  1350 | D:2      | Succumbed to Sigmund's poison

Illustrated notes

Levels and vault maps discovered:
D:1:      ncdulo_lavacross, layout_loops_ring
D:2:      layout_loops_corners, chequers_ecumenical_altar_grove,
          serial_aquarium, aquarium_bridge_square [aquarium_subvault_bridge,
          aquarium_subvault_wall, aquarium_subvault_wall,
          aquarium_subvault_bridge], aquarium_window_fake,
          aquarium_window_double, aquarium_window_1, aquarium_window_1,
          aquarium_view_2e, aquarium_view_2c, basic_altar, st_stairs_7,
          patterned_corridor, uniq_sigmund, uniq_robin, uniq_crazy_yiuf_cottage

Skill      XL: |  1 |
---------------+----+-----
Stealth        | 2 |  2.2
Dodging        | 2 |  2.2
Spellcasting   | 2 |  2.1
Conjurations   | |  3.8

Action                   || total
-------------------------++-------
Melee: Unarmed           ||    15
       Falchion          ||    47
 Cast: Magic Dart        ||    26
  Use: Scroll            ||     4
 Stab: Sleeping          ||     1
Armor: Robe              ||    16
Dodge: Dodged            ||    58

Table legend: (Time is in decaauts)
 A = Elapsed time spent in this place.
 B = Non-inter-level travel time spent in this place.
 C = Inter-level travel time spent in this place.
 D = Time resting spent in this place.
 E = Time spent auto-exploring this place.
 F = Levels seen in this place.
 G = Mean time per level.
                   A        B        C        D        E       F      G
               +--------+--------+--------+--------+--------+-----+--------+
         Total |   1362 |    740 |    622 |    540 |      0 |   2 |  681.0 |
       Dungeon |   1362 |    740 |    622 |    540 |      0 |   2 |  681.0 |
               +--------+--------+--------+--------+--------+-----+--------+

Top non-repeatable levels by time:
     D:1: 1035 daAuts
     D:2: 327 daAuts
